 Dungeon Crawl Stone Soup version 0.14.0-6-g1bc2dff (webtiles) character file.

168 Ragg the Digger (level 4, -7/39 HPs)
             Began as a Troll Earth Elementalist on Apr 12, 2014.
             Mangled by a gnoll
             ... wielding a +0,+0 halberd
              (23 damage)
             ... on Level 2 of the Dungeon.
             The game lasted 00:04:03 (1786 turns).

Ragg the Digger (Troll Earth Elementalist)          Turns: 1786, Time: 00:04:03

HP  -7/39        AC  5     Str 16      XL: 4   Next:  7%
MP   0/4         EV 10     Int 11      God:
Gold 96          SH  0     Dex 11      Spells:  1 memorised,  4 levels left

rFire  . . .     SeeInvis .     a - +1 dagger (venom)
rCold  . . .     Clarity  .     k - +0 robe
rNeg   . . .     Conserve .     (shield restricted)
rPois  .         rCorr    .     (helmet restricted)
rElec  .         rRot     .     (no cloak)
SustAb . .       Spirit   .     (gloves unavailable)
rMut   .         Warding  .     (boots unavailable)
Gourm  +         Stasis   .     (no amulet)
MR     .....                    (no ring)
                                (no ring)

@: not resistant to hostile enchantments, unstealthy
A: unfitting armour, claws 3, fast metabolism 3, gourmand, regeneration 2,
saprovore 2, shaggy fur 1, tough skin 2
a: no special abilities


You were on level 2 of the Dungeon.
You were completely stuffed.

You visited 1 branch of the dungeon, and saw 2 of its levels.

You collected 96 gold pieces.

Inventory:

Hand weapons
 a - a +1,+1 dagger of venom (weapon)
Missiles
 b - 95 stones (quivered)
Armour
 k - a +0 robe (worn)
 l - a +1 hat
Comestibles
 m - 2 meat rations
 q - a choko
 w - 2 chunks of hobgoblin flesh
Scrolls
 f - 6 scrolls of identify {unknown}
 j - a scroll of teleportation {unknown}
 s - a scroll of random uselessness {unknown}
Jewellery
 o - an uncursed ring of poison resistance {unknown}
 p - an uncursed ring of fire {unknown}
 r - a cursed -2 ring of evasion {unknown}
 t - an uncursed amulet of resist mutation {unknown}
Potions
 c - a potion of restore abilities {unknown}
 e - a potion of haste {unknown}
 g - 2 potions of curing {unknown}
 h - 2 potions of brilliance {unknown}
 i - 2 potions of heal wounds {unknown}
 n - a potion of magic {unknown}
Books
 d - a book of Geomancy

   Spells                             Type                      Level
   *Sandblast                         Earth                        1
   Stoneskin                          Transmutation/Earth          2
   Passwall                           Transmutation/Earth          3
   Stone Arrow                        Conjuration/Earth            3
   Petrify                            Transmutation/Earth          4
   Lee's Rapid Deconstruction         Earth                        5


   Skills:
 - Level 1.5 Dodging
 - Level 1.1 Stealth
 - Level 1.2 Spellcasting
   Level 0.6 Transmutations
 + Level 4.5 Earth Magic


You had 4 spell levels left.
You knew the following spells:

 Your Spells              Type           Power        Failure   Level  Hunger
a - Sandblast             Erth           ##....       6%          1    ##.....


Dungeon Overview and Level Annotations

Branches:
Dungeon (2/15)

Altars:
Dithmenos


Innate Abilities, Weirdness & Mutations

You are too large for most types of armour.
You have claws for hands.
Your metabolism is lightning-fast.
You like to eat raw meat.
You heal very quickly.
You can eat rotten meat.
You are covered in fur (AC +1).
You have very tough skin (AC +2).


Message History

Casting: Sandblast
Confirm with . or Enter, or press ? or * to list all spells.
Aiming: Sandblast
Press: ? - help, Shift-Dir - straight line, f/p - gnoll
Aim: a gnoll, wielding a halberd (heavily wounded, unusually strong)
The rocky blast misses the gnoll.
The gnoll barely misses you.
Casting: Sandblast
Confirm with . or Enter, or press ? or * to list all spells.
You don't have enough magic to cast that spell.
Casting: Sandblast
Confirm with . or Enter, or press ? or * to list all spells.
You don't have enough magic to cast that spell.
It begins to drip with poison!
a - a +1,+1 dagger of venom (weapon)
The gnoll misses you.
You hit the gnoll.
The gnoll is poisoned.
The gnoll is almost dead.
The gnoll hits you with a halberd!
Ouch! That really hurt!
You die...

### ### ### #.# #.####.#
#.# #......#.. #..
##.###.#.# #.#
#.#####.###.#.# #.#
#.........#.#.#
##.#########<###.#.#.#
#.....(...@g.....#.#.#
##.###..)........#.#.######
#....#.#######...#.#.......
##.#.#.# #>..............
#.#.#.# ##.##..#.........
#.#.#.# #........#.######
#.#.#.# #..##..#...#
#...#.####..##..#.###
#.......##..##..#.#


You could see a gnoll.

Vanquished Creatures
  2 adders (D:2)
  A gnoll (D:2)
  An inept item mimic (D:2)
  A giant gecko (D:2)
  3 bats (D:2)
  A giant cockroach (D:2)
  4 hobgoblins
  2 jackals (D:1)
  5 kobolds
  4 giant newts (D:2)
  8 goblins
  11 rats
43 creatures vanquished.

Notes
Turn   | Place    | Note
--------------------------------------------------------------
     0 | D:1      | Ragg, the Troll Earth Elementalist, began the quest for the Orb.
     0 | D:1      | Reached XP level 1. HP: 16/16 MP: 2/2
   140 | D:1      | Reached skill level 3 in Earth Magic
   183 | D:1      | Reached XP level 2. HP: 18/24 MP: 2/2
   770 | D:2      | Found a shadowy altar of Dithmenos.
   890 | D:2      | Reached XP level 3. HP: 31/31 MP: 3/3
  1124 | D:2      | Reached skill level 4 in Earth Magic
  1775 | D:2      | Reached XP level 4. HP: 20/39 MP: 4/4
  1786 | D:2      | Mangled by a gnoll

Action                   |  1- 3 |  4- 6 || total
-------------------------+-------+-------++-------
Melee: Unarmed           |    44 |       ||    44
       Dagger            |    60 |     1 ||    61
 Cast: Sandblast         |       |     4 ||     4
 Stab: Sleeping          |     2 |       ||     2
